 Dungeon Crawl Stone Soup version 0.31.0-4-g52a2dc7128 (console) character file.

Game seed: 18015073843670125674

947 AlterAsc the Carver (level 8, -1/44 HPs)
             Began as a Tengu Gladiator on Jan 23, 2024.
             Succumbed to a killer bee's poison
             ... on level 6 of the Dungeon.
             The game lasted 00:10:30 (4898 turns).

AlterAsc the Carver (Tengu Gladiator)               Turns: 4898, Time: 00:10:31

Health: -1/44      AC:  5    Str: 14    XL:     8   Next: 13%
Magic:  9/9        EV: 16    Int:  9    God:
Gold:   271        SH:  0    Dex: 24    Spells: 7/7 levels left

rFire   + . .        a - +0 long sword
rCold   + . .        (no shield)
rNeg    . . .        G - +0 ring mail
rPois   .            c - +0 hat
rElec   .            s - scarf {rC+ rF+}
rCorr   .            (no gloves)
SInv    .            (boots unavailable)
Will    +....        H - amulet of regeneration
Stlth   +            q - +6 ring of dexterity
HPRegen 1.07/turn    x - ring of willpower
MPRegen 0.11/turn

%: acrobat
@: lethally poisoned (-1 -> -6), flying
A: beak, talons 3, evasive flight, acrobatic, sense surroundings 1, subdued
magic 1
a: no special abilities


You were on level 6 of the Dungeon.
You visited 1 branch of the dungeon, and saw 6 of its levels.

You collected 271 gold pieces.

Inventory:

Hand Weapons
 a - a +0 long sword (weapon)
 A - the +6 dagger of Oloamuz {freeze, rElec rC- Str+4 Int-4}
   (You found it on level 4 of the Dungeon)

   Str+4:     It affects your strength (+4).
   Int-4:     It affects your intelligence (-4).
   rC-:       It makes you vulnerable to cold.
   rElec:     It insulates you from electricity.
 I - a +2 great sword
Missiles
 d - 3 throwing nets (quivered)
 e - a javelin
 r - 7 poisoned darts
Armour
 b - a +0 leather armour
 c - a +0 hat (worn)
 o - a +0 scale mail
 s - a scarf of resistance (worn)
 G - a +0 ring mail (worn)
Jewellery
 j - a ring of magical power
 n - an amulet of faith
 q - a +6 ring of dexterity (left hand)
 x - a ring of willpower (right hand)
 E - a ring of ice
 F - an amulet of magic regeneration
 H - an amulet of regeneration (around neck)
Wands
 g - a wand of polymorph (8)
 z - a wand of quicksilver (8)
Scrolls
 f - a scroll of teleportation
 m - 3 scrolls of enchant weapon
 p - a scroll of revelation {unknown}
 t - a scroll of immolation {unknown}
 w - a scroll of enchant armour {unknown}
 y - a scroll of brand weapon {unknown}
 B - a scroll of fear {unknown}
Potions
 h - a potion of lignification {unknown}
 i - 2 potions of enlightenment
 k - a potion of magic {unknown}
 l - a potion of degeneration {unknown}
 u - 2 potions of attraction
 v - a potion of mutation
 C - a potion of resistance {unknown}
 D - a potion of invisibility {unknown}


   Skills:
 - Level 2.0 Fighting
 + Level 10.5 Long Blades
 - Level 2.0 Throwing
 - Level 3.2 Dodging


You had 7 spell levels left.
You didn't know any spells.
Your spell library contained the following spells:

 Spells                   Type           Power      Damage    Failure   Level
 Kiss of Death            Conj/Necr      0%         2d5       58%         1
 Confusing Touch          Hex            0%         N/A       92%         3
 Dispel Undead            Necr           0%         3d6       100%        4


Dungeon Overview and Level Annotations

Branches:
Dungeon (6/15)
 Temple: D:4-7

Altars:

Portals:
Abyss: D:4

Annotations:
D:4 2 transporters, paavali's ghost, amateur OpSh
D:5 3 runed translucent doors, Azuvok's ghost, novice MiFi


Innate Abilities, Weirdness & Mutations

You have a beak for a mouth.
You have claws for feet.
Your magical flight helps you evade attacks. (EV +4)
You can magically evade attacks while moving or waiting.
You passively map a small area around you.
Your spells are a little easier to cast, but a little less powerful.


Message History

The killer bee misses you. The killer bee stings you.
You are more poisoned.
The killer bee poisons you!
You slash the killer bee!
You kill the killer bee!
You feel very sick. The killer bee closely misses you.
You slash the killer bee!
The killer bee is severely wounded.
You feel very sick. The killer bee stings you.
You are more poisoned.
The killer bee poisons you!
You hit the killer bee. You claw the killer bee.
You kill the killer bee!
You feel very sick. The killer bee stings you.
You are more poisoned.
The killer bee poisons you!
Okay, then.
As you read the scroll of teleportation, it crumbles to dust.
You feel strangely unstable.
* * * LOW HITPOINT WARNING * * *
You feel very sick. The killer bee barely misses you.
The killer bee completely misses you.
* * * LOW HITPOINT WARNING * * *
You feel very sick. The killer bee misses you.
* * * LOW HITPOINT WARNING * * *
You feel very sick.
The killer bee attacks as it pursues you!
The killer bee completely misses you. The killer bee stings you.
* * * LOW HITPOINT WARNING * * *
Okay, then.
Okay, then.
It was a potion of mutation.
You feel extremely strange.
Your connection to magic feels subdued.
You feel a strange attunement to the structure of the dungeons.
Your surroundings suddenly seem different.
You die...

##...#### , . ##.........##
...##...### ,,, ##...........#
....###...########............#
...##
###.....................## ...#
####...................# ...#
#######.................## ..##
#..## ##.................# ..#
##...## ##...............## ).#
##..)..## ##.............###
.## ##.......###.............##
# .# #...........@..........###
## ## ##...........)##.......##
##. # ##.............###..#####
##.. # #..........(...# ##..##
##..# ##..............# ##..###
#...# #...............#
##...###..## ##..............##
#.......## #...............#
##.....## .......<.......#
#.....## ...............
##..##..## #.yy..........#
#...###..##


There were no monsters in sight!

Vanquished Creatures
  A water moccasin (D:6)
  A centaur (D:6)
  A scorpion (D:6)
  3 wights (D:6)
  3 killer bees (D:6)
  A bombardier beetle (D:5)
  An orc priest (D:2)
  A hound (D:5)
  2 iguanas (D:5)
  A sleepcap (D:5)
  An orc wizard (D:2)
  7 gnolls (D:4)
  5 adders
  A white imp (D:6)
  2 ufetubi (D:6)
  3 dart slugs
  2 ribbon worms
  4 orcs
  13 endoplasms
  6 giant cockroaches
  7 goblins
  4 hobgoblins
  5 jackals
  12 kobolds
  3 quokkas
  9 ball pythons
  8 bats
  3 frilled lizards
  4 rats
114 creatures vanquished.

Notes
Turn   | Place    | Note
-------+----------+-------------------------------------------
     0 | D:1      | AlterAsc the Tengu Gladiator began the quest for the Orb.
     0 | D:1      | Reached XP level 1. HP: 12/12 MP: 2/2
    93 | D:1      | Reached XP level 2. HP: 12/17 MP: 3/3
    95 | D:1      | Reached skill level 4 in Long Blades
   283 | D:1      | Found a faded altar of an unknown god.
   299 | D:1      | Reached XP level 3. HP: 13/21 MP: 4/4
   755 | D:2      | Reached skill level 5 in Long Blades
   978 | D:2      | Reached XP level 4. HP: 23/26 MP: 5/5
  1303 | D:2      | Reached skill level 6 in Long Blades
  1303 | D:2      | Reached XP level 5. HP: 24/30 MP: 6/6
  2696 | D:4      | Reached skill level 7 in Long Blades
  2813 | D:4      | Found a transporter.
  2849 | D:4      | Noticed a kobold brigand
  2862 | D:4      | Found a one-way gate to the infinite horrors of the Abyss.
  2862 | D:4      | Noticed paavali's ghost (amateur OpSh)
  2871 | D:4      | Found a transporter.
  3073 | D:4      | Reached XP level 6. HP: 30/35 MP: 7/7
  3170 | D:4      | Identified the +6 dagger of Oloamuz {freeze, rElec rC-
                  | Str+4 Int-4}
  3331 | D:5      | Entered Level 5 of the Dungeon
  3536 | D:5      | Noticed Azuvok's ghost (novice MiFi)
  3536 | D:5      | Noticed an ice beast
  3537 | D:5      | Found a runed translucent gate.
  3541 | D:5      | Found a runed translucent gate.
  3541 | D:5      | Found a runed translucent gate.
  3748 | D:5      | Reached skill level 8 in Long Blades
  4044 | D:6      | Noticed a water moccasin
  4051 | D:6      | Killed a water moccasin
  4052 | D:6      | Gained mutation: Your magical flight helps you evade
                  | attacks. (EV +4) [Tengu growth]
  4052 | D:6      | Reached XP level 7. HP: 29/40 MP: 8/8
  4102 | D:6      | Reached skill level 9 in Long Blades
  4848 | D:6      | Reached skill level 10 in Long Blades
  4850 | D:6      | Reached XP level 8. HP: 33/44 MP: 9/9
  4897 | D:6      | HP: 1/44 [killer bee (6)]
  4898 | D:6      | Gained mutation: Your spells are a little easier to cast,
                  | but a little less powerful. [potion of mutation]
  4898 | D:6      | Gained mutation: You passively map a small area around you.
                  | [potion of mutation]
  4898 | D:6      | Succumbed to a killer bee's poison

Illustrated notes

Levels and vault maps discovered:
D:1:      dpeg_arrival_leaves_temple_mockup, layout_basic,
          hellmonk_ecumenical_altar_heavens_door
D:2:      layout_basic
D:3:      layout_basic
D:4:      layout_loops_ring, gammafunk_ghost_abyssal_escape
D:5:      layout_loops_ring, gammafunk_ghost_split, minmay_stone_trees_small
D:6:      layout_cave_pods, tgw_trog

Skill      XL: |  1  2  3  4  5  6  7 |
---------------+----------------------+-----
Long Blades    | 4 5 6 7 8 10 | 10.5
Fighting       | |  2.0
Throwing       | |  2.0
Dodging        | |  3.2

Action                     |  1- 3 |  4- 6 |  7- 9 || total
---------------------------+-------+-------+-------++-------
  Melee: Long sword        |    88 |   129 |    44 ||   261
         Peck              |    10 |    21 |    11 ||    42
         Kick              |    15 |    27 |    20 ||    62
         Punch             |     1 |     3 |       ||     4
    Use: Potion            |       |     2 |     1 ||     3
         Scroll            |       |       |     6 ||     6
   Stab: Sleeping          |     1 |       |       ||     1
 Armour: Leather armour    |    36 |       |       ||    36
         Chain mail        |     4 |     6 |       ||    10
         Scale mail        |       |    66 |       ||    66
         Ring mail         |       |     3 |    27 ||    30
  Dodge: Dodged            |    63 |   116 |    61 ||   240
